 Dungeon Crawl Stone Soup version 0.14-a0-2119-ge69afc6 (webtiles) character file.

216454 Egon the Warrior (level 18, -3/176 HPs)
             Began as a Green Draconian Berserker on Jan 24, 2014.
             Was a High Priest of Trog.
             Killed by the air
             ... invoked by a spriggan air mage
              (26 damage)
             ... on Level 1 of the Depths on Jan 26, 2014.
             The game lasted 04:02:03 (53184 turns).

Egon the Warrior (Green Draconian Berserker)       Turns: 53184, Time: 04:02:05

HP  -3/176       AC 20     Str 22      XL: 18   Next: 30%
MP  31/31        EV 28     Int  7      God: Trog [*****.]
Gold 2086        SH  0     Dex 20      Spells:  0 memorised, 17 levels left

rFire  . . .     SeeInvis +     a - +2,+4 executioner's axe (drain)
rCold  . . .     Clarity  .     (armour unavailable)
rNeg   . . .     Conserve .     (no shield)
rPois  +         rCorr    +     d - +2 hat {SInv}
rElec  .         rRot     .     q - +2 cloak
SustAb . .       Spirit   .     m - +2 pair of gloves {Dex+3}
rMut   .         Warding  .     C - +1 pair of boots {Fly}
Saprov . . .     Stasis   .     s - amulet of resist corrosion
MR     +....                    x - +5,+2 ring of slaying
                                h - ring of invisibility

@: invisible, flying, very slightly contaminated, somewhat resistant to hostile
enchantments, fairly stealthy
A: breathe noxious fumes, unfitting armour, stinger 1, poison resistance, AC +10
a: Breathe Noxious Fumes, Burn Spellbooks, Berserk, Trog's Hand, Brothers in
Arms, Renounce Religion, Turn Visible, Stop Flying
}: 1/15 runes: serpentine


You were on level 1 of the Depths.
You worshipped Trog.
Trog was extremely pleased with you.
You were hungry.

You visited 7 branches of the dungeon, and saw 40 of its levels.
You visited the Abyss 1 time.
You also visited: Labyrinth and Ice Cave.

You collected 4106 gold pieces.
You spent 2020 gold pieces at shops.

Inventory:

Hand weapons
 a - a +2,+4 executioner's axe of draining (weapon)
 l - a +0,+3 broad axe of electrocution
Armour
 d - a +2 hat of see invisible (worn)
 m - a +2 pair of gloves of dexterity (worn)
 q - a +2 cloak (worn)
 C - a +1 pair of boots of flying (worn)
Magical devices
 j - a wand of lightning (1)
 n - a wand of slowing (13)
 t - a wand of teleportation (6)
 A - a wand of disintegration (5)
 G - a wand of digging (8)
 L - a wand of magic darts (5)
 O - a wand of hasting (1)
Comestibles
 c - 6 bread rations
 i - a snozzcumber
 k - a meat ration
 o - a rotting chunk of tengu flesh
Scrolls
 g - 2 scrolls of fog
 r - 3 scrolls of teleportation
 v - 2 scrolls of identify
 B - a scroll of magic mapping
 W - a scroll of blinking
Jewellery
 h - a ring of invisibility (left hand)
 s - an amulet of resist corrosion (around neck)
 u - an uncursed ring of fire
 x - a +5,+2 ring of slaying (right hand)
 y - an uncursed ring of ice
 D - an uncursed amulet of stasis
 K - a +4 ring of strength
 M - an uncursed ring of teleport control
 Q - an uncursed ring of protection from magic
 S - a +2 ring of protection
Potions
 b - a potion of heal wounds
 e - 2 potions of blood
 f - a potion of invisibility
 p - 2 potions of agility
 w - 2 potions of berserk rage
 E - 6 potions of curing
 F - 3 potions of might
Miscellaneous
 z - a fan of gales
 V - a sack of spiders


   Skills:
 + Level 19.4 Fighting
 + Level 18.2 Axes
 + Level 16.8 Dodging
 - Level 10.6 Evocations


You had 17 spell levels left.
You didn't know any spells.

Dungeon Overview and Level Annotations

Branches:
Dungeon (16/16)            Temple (1/1) D:4             Orc (4/4) D:12
    Elf (0/3) Orc:4          Lair (8/8) D:8           Swamp (5/5) Lair:6
  Snake (5/5) Lair:6        Slime (0/6) Lair:6       Vaults (0/5) D:15
 Depths (1/6) D:16

Altars:
Ashenzari
Cheibriados
Dithmengos
Elyvilon
Fedhas
Kikubaaqudgha
Makhleb
Nemelex Xobeh
Okawaru
Sif Muna
Trog
Vehumet
Xom
Yredelemnul
Zin
The Shining One

Shops:
D:11 [   D:16 ?(:([   Orc:4 /?/(*   Snake:5 :   Depths:1 *!(

Portals:
Hell: Depths:1

Annotations:
Depths:1 exclusion: 2 statues


Innate Abilities, Weirdness & Mutations

You can breathe blasts of noxious fumes.
Your lurid green scales are hard (AC +10).
Your body does not fit into most forms of armour.
Your cold-blooded metabolism reacts poorly to cold.
Your tail ends in a poisonous barb.
Your system is resistant to poisons.


Message History

The spriggan air mage waves its arms in wide circles.
The air twists around and violently strikes you in flight!
* * * LOW HITPOINT WARNING * * *
The spriggan air mage casts a spell at you.
The bolt of lightning hits you!
* * * LOW HITPOINT WARNING * * *
Drink which item? (? for menu, Esc to quit)
You feel much better.
The spriggan air mage casts a spell at you.
The bolt of lightning hits you!
* * * LOW HITPOINT WARNING * * *
Unknown command.
Drink which item? (? for menu, Esc to quit)
You feel much better.
The spriggan air mage casts a spell at you.
The zap hits you!
* * * LOW HITPOINT WARNING * * *
The spriggan air mage waves its arms in wide circles.
The air twists around and violently strikes you in flight!
You die...

####### #
##8#8#8#8#.#
##..........#
#8......i...####
###########
##...##8#8####.#
#.......... #8...8#
###8##.# #.#########
##...#####...@.###
#.# ###
+...'......i..#.###.#
##..
#...#####......#.##.#
#.▓. #8....
##8##.###.#.# #.)#
##...#
####..#....#######..
#8....
###).............
##....
#.############# ##8#8
#.# ######### # ## #
#.# #.......# #


You could see a spriggan air mage.

Vanquished Creatures
  Norris (Swamp:4)
  Agnes (Swamp:2)
  An orc warlord (Orc:3)
  Gastronok (D:8)
  The ghost of HollowCharge the Cleaver, a powerful DgGl (Snake:2)
  6 greater nagas
  Jorgrun (Swamp:2)
  2 stone giants
  Azrael (D:14)
  A fire dragon (Lair:8)
  A minotaur (Lab)
  A yaktaur captain (D:15)
  Snorg (Snake:1)
  2 ettins
  A vault guard (D:15)
  Fannar (Lair:1)
  Harold (D:10)
  Josephine (Orc:4)
  An ice dragon (Depths:1)
  6 salamanders (Snake:5)
  4 alligators
  Erica (Lair:1)
  3 ogre magi
  A death yak (Lair:8)
  A tengu warrior (Depths:1)
  A rakshasa (Depths:1)
  2 hydras
  An orc high priest (Orc:4)
  Urug (D:9)
  7 centaur warriors
  A thrashing horror (D:16)
  25 anacondas
  Nergalle (D:9)
  The ghost of wojtek the Slicer, an experienced KoAs of Dithmengos (D:7)
  23 naga warriors
  An ice devil (IceCv)
  A deep elf knight (D:16)
  3 deep trolls
  10 hill giants
  2 sea snakes (Snake:4)
  4 unseen horrors
  3 ice statues (IceCv)
  3 wizards (Depths:1)
  2 orc knights (D:16)
  A swamp dragon (Swamp:4)
  A wolf spider zombie (D:16)
  Joseph (D:9)
  A necromancer (IceCv)
  4 red wasps
  4 orc sorcerers
  An octopode (shapeshifter) (D:15)
  6 cyclopes
  A griffon (D:15)
  24 slime creatures
  9 elephants
  An apocalypse crab (D:15)
  13 guardian serpents
  4 lindwurms (Snake:5)
  65 black mambas
  Psyche (D:9)
  3 fire drakes
  2 feature mimics
  16 spiny frogs
  42 naga magi
  A baby alligator (shapeshifter) (D:9)
  2 polar bears (D:11)
  A troll (shapeshifter) (D:16)
  7 giant leeches
  Sonja (Orc:4)
  4 deep elf priests
  A hydra skeleton (D:11)
  7 komodo dragons
  13 trolls
  7 blue devils (IceCv)
  6 two-headed ogres (Orc:4)
  A griffon zombie (D:15)
  13 blink frogs
  2 wandering mushrooms
  9 bog bodies
  A boulder beetle (Lair:8)
  6 yaktaurs
  A vampire (Depths:1)
  A shadow (D:11)
  3 fire elementals (D:14)
  2 wraiths
  A fire dragon skeleton (D:16)
  5 ugly things
  3 basilisks (Lair:8)
  A deep elf mage (Orc:3)
  2 trapdoor spiders
  10 sharks
  Eustachio (D:9)
  4 wyverns
  52 yaks
  A steam dragon (Lair:8)
  7 hippogriffs
  The ghost of zammy the Covered, an average MiSu (D:4)
  2 manticores
  A spriggan skeleton (D:12)
  3 deep elf fighters
  5 hungry ghosts
  40 vampire mosquitoes
  15 wolves
  Edmund (D:6)
  2 necrophages
  10 orc warriors
  11 swamp drakes
  36 swamp worms
  6 mottled dragons
  15 porcupines
  8 giant goldfish
  16 ice beasts
  A freezing wraith (D:15)
  A black bear (Lair:3)
  4 hell hounds (D:14)
  3 phantoms
  2 sky beasts
  19 centaurs
  30 ogres
  A yellow wasp (D:12)
  A dwarf (shapeshifter) (Depths:1)
  3 tengu (Depths:1)
  A griffon simulacrum (D:11)
  A spriggan simulacrum (IceCv)
  73 nagas
  5 wargs
  21 giant frogs
  A brain worm (D:16)
  18 crocodiles
  3 big kobolds
  5 giant slugs
  36 water moccasins
  9 agate snails
  13 insubstantial wisps
  A manticore zombie (D:11)
  A cyclops skeleton (D:15)
  A hippogriff zombie (D:12)
  2 yak zombies
  A troll zombie (D:11)
  An eye of draining (D:14)
  15 killer bees
  18 wights
  7 electric eels
  11 jellyfish
  A troll skeleton (D:12)
  A yak skeleton (D:14)
  2 centaur zombies
  2 goliath beetles
  11 big fish
  2 draconian simulacra (IceCv)
  8 crimson imps
  12 iguanas
  A giant frog skeleton (D:12)
  7 scorpions
  4 jellies
  8 worker ants
  A centaur skeleton (D:12)
  11 hounds
  15 orc priests
  A two-headed ogre skeleton (D:13)
  2 troll simulacra (IceCv)
  26 orc wizards
  20 sheep
  2 centaur simulacra (IceCv)
  Jessica (D:3)
  A mottled dragon zombie (D:15)
  A hound skeleton (D:5)
  A worker ant zombie (D:7)
  8 giant centipedes
  3 gnolls (D:4)
  A green rat (D:4)
  43 adders
  2 ogre simulacra (IceCv)
  4 white imps
  3 giant mites
  A naga simulacrum (IceCv)
  A worm (shapeshifter) (D:15)
  5 worms
  An ufetubus (Abyss:1)
  An adder zombie (D:8)
  5 giant eyeballs
  9 giant geckos
  2 oozes
  137 orcs
  A bat zombie (D:5)
  2 giant cockroaches
  21 hobgoblins
  7 jackals
  31 kobolds
  17 quokkas
  4 training dummies (D:16)
  11 ball pythons
  22 bats
  A giant gecko skeleton (D:6)
  2 giant newts
  2 giant spores
  A gnoll zombie (Orc:4)
  16 goblins
  An orc simulacrum (Orc:4)
  2 orc skeletons (Orc:4)
  3 orc zombies
  23 rats
  A rat zombie (D:7)
  A spectral orc (D:9)
  6 ballistomycetes
  43 fungi
  7 plants
1583 creatures vanquished.

Vanquished Creatures (collateral kills)
  Nikola (Swamp:4)
  13 hydras
  Nessos (D:12)
  A death yak (Lair:8)
  A black mamba (Lair:8)
  A bog body (Swamp:2)
  A yak (Lair:2)
  2 swamp worms
  2 swamp drakes (Swamp:2)
  A water moccasin (Swamp:4)
  A cyclops skeleton (D:14)
  An electric eel (Swamp:2)
  2 rats
28 creatures vanquished.

Vanquished Creatures (others)
  A centaur warrior (Depths:1)
  A troll (Swamp:2)
  A naga mage (Snake:4)
  A basilisk (D:16)
  A trapdoor spider (shapeshifter) (D:16)
  2 trapdoor spiders (D:12)
  A swamp worm (Swamp:4)
  A naga (Snake:5)
  An ogre (Depths:1)
  3 centaurs (Depths:1)
  A giant frog (D:16)
  A killer bee (D:12)
  A giant spore (D:12)
  A rat (D:9)
  A fungus (D:8)
  2 plants
20 creatures vanquished.

Grand Total: 1631 creatures vanquished

Notes
Turn   | Place    | Note
--------------------------------------------------------------
     0 | D:1      | Egon, the Draconian Berserker, began the quest for the Orb.
     0 | D:1      | Reached XP level 1. HP: 19/19 MP: 1/1
   183 | D:1      | Reached XP level 2. HP: 20/26 MP: 2/2
   718 | D:2      | Acquired Trog's second power
   800 | D:2      | Reached XP level 3. HP: 23/33 MP: 3/3
  1048 | D:2      | Reached skill level 4 in Fighting
  1127 | D:2      | Found a basalt altar of Yredelemnul.
  1279 | D:3      | Noticed Jessica
  1282 | D:3      | Killed Jessica
  1282 | D:3      | Reached XP level 4. HP: 40/40 MP: 4/4
  1406 | D:3      | Found a blossoming altar of Fedhas.
  1462 | D:3      | Noticed an ogre
  1469 | D:3      | Killed an ogre
  1469 | D:3      | Reached XP level 5. HP: 47/47 MP: 5/5
  1614 | D:3      | Found a shattered altar of Ashenzari.
  1808 | D:4      | Noticed zammy's ghost (average MiSu)
  1979 | D:3      | Reached skill level 5 in Fighting
  1979 | D:3      | Reached XP level 6. HP: 40/56 MP: 6/6
  2077 | D:4      | Killed zammy's ghost
  2187 | D:4      | Reached skill level 5 in Axes
  2447 | D:4      | Your scales start taking on a lurid green colour.
  2447 | D:4      | Gained mutation: Your system is resistant to poisons. [draconian maturity]
  2447 | D:4      | Reached XP level 7. HP: 45/62 MP: 7/7
  3229 | D:4      | Acquired Trog's third power
  3384 | D:4      | Reached skill level 5 in Dodging
  3503 | D:4      | Found a staircase to the Ecumenical Temple.
  3508 | Temple   | Entered the Ecumenical Temple
  3721 | D:4      | Upgraded the game from 0.14-a0-2080-ge317583 to 0.14-a0-2091-gca92d1a
  3797 | D:5      | Entered Level 5 of the Dungeon
  3847 | D:4      | Reached skill level 6 in Fighting
  4706 | D:5      | Reached XP level 8. HP: 71/71 MP: 8/8
  4792 | D:5      | Paralysed by a giant eyeball for 2 turns
  5043 | D:5      | Found a shattered altar of Ashenzari.
  5475 | D:6      | Reached skill level 7 in Fighting
  6439 | D:6      | Noticed Edmund
  6455 | D:6      | Killed Edmund
  6934 | D:7      | Reached skill level 8 in Fighting
  6934 | D:7      | Reached XP level 9. HP: 81/81 MP: 9/9
  7273 | D:7      | Noticed wojtek's ghost (experienced KoAs)
  7295 | D:7      | Killed wojtek's ghost
  7295 | D:7      | Reached skill level 9 in Fighting
  7320 | D:7      | Found a bloodstained altar of Trog.
  7827 | D:8      | Noticed Gastronok
  7870 | D:8      | Killed Gastronok
  7870 | D:8      | Reached skill level 10 in Fighting
  7870 | D:8      | Reached XP level 10. HP: 93/93 MP: 10/10
  7955 | D:8      | Found a staircase to the Lair.
  8533 | Lair:1   | Entered Level 1 of the Lair of Beasts
  8665 | Lair:1   | Noticed Fannar
  8679 | Lair:1   | Killed Fannar
  8679 | Lair:1   | Received a gift from Trog
  8679 | Lair:1   | Reached skill level 10 in Axes
  8761 | Lair:1   | Reached skill level 11 in Fighting
  8821 | Lair:1   | Reached XP level 11. HP: 102/102 MP: 11/11
  8861 | Lair:1   | Noticed Erica
  8957 | Lair:1   | Killed Erica
  9048 | Lair:1   | Reached skill level 1 in Evocations
 10013 | D:9      | Received a gift from Trog
 10083 | D:9      | Noticed Eustachio
 10088 | D:9      | Killed Eustachio
 10228 | D:9      | Noticed Psyche
 10236 | D:9      | Killed Psyche
 10254 | D:9      | Found a staircase to the Lair.
 10386 | D:9      | the staircase to the Lair was a mimic.
 10389 | D:9      | Reached skill level 10 in Dodging
 10806 | D:10     | Entered Level 10 of the Dungeon
 10806 | D:10     | Noticed Joseph
 10846 | D:10     | Noticed Nergalle
 10848 | D:10     | Noticed Urug
 10860 | D:9      | Killed Nergalle
 11201 | D:9      | Killed Urug
 11413 | D:9      | Killed Joseph
 11531 | D:10     | Noticed a centaur warrior
 11600 | D:9      | Reached skill level 12 in Fighting
 12072 | D:10     | Killed a centaur warrior
 12379 | Lair:2   | Noticed a six-headed hydra
 12392 | Lair:2   | Reached skill level 5 in Evocations
 12394 | Lair:2   | Killed an eight-headed hydra
 12394 | Lair:2   | Reached XP level 12. HP: 103/112 MP: 18/20
 12397 | Lair:2   | Received a gift from Trog
 14739 | Lair:4   | Received a gift from Trog
 15558 | Lair:5   | Noticed a six-headed hydra
 15562 | Lair:5   | Killed a six-headed hydra
 15633 | Lair:5   | Reached skill level 13 in Fighting
 16349 | Lair:6   | Found a staircase to the Slime Pits.
 16378 | Lair:6   | Received a gift from Trog
 16488 | Lair:6   | Found a staircase to the Swamp.
 16733 | Lair:6   | Reached XP level 13. HP: 122/122 MP: 24/24
 16754 | Lair:6   | Found a staircase to the Snake Pit.
 17325 | Lair:7   | Found a labyrinth entrance.
 17342 | Lab      | Entered a labyrinth
 18907 | Lair:8   | Entered Level 8 of the Lair of Beasts
 19011 | Lair:8   | Received a gift from Trog
 20776 | Lair:8   | Reached skill level 14 in Fighting
 21232 | D:10     | Killed an unseen horror
 21268 | D:10     | Received a gift from Trog
 21357 | D:10     | Noticed Harold
 21365 | D:10     | Killed Harold
 21422 | D:10     | Paralysed by a giant eyeball for 4 turns
 21432 | D:10     | Paralysed by a giant eyeball for 3 turns
 21721 | D:11     | Gained mutation: Your tail ends in a poisonous barb. [draconian growth]
 21721 | D:11     | Reached XP level 14. HP: 130/132 MP: 27/27
 21778 | D:11     | Reached skill level 10 in Evocations
 21850 | D:11     | Found a frozen archway.
 21931 | IceCv    | Entered an ice cave
 22963 | D:11     | Received a gift from Trog
 23186 | D:11     | Found Beit's Armour Emporium.
 24121 | D:12     | Noticed Nessos
 24124 | D:12     | Found a staircase to the Orcish Mines.
 24708 | D:12     | Killed Nessos
 25987 | D:14     | Received a gift from Trog
 26050 | D:14     | Reached skill level 15 in Fighting
 26295 | D:14     | Noticed Azrael
 26306 | D:14     | Killed Azrael
 27070 | D:15     | Entered Level 15 of the Dungeon
 27900 | D:15     | Reached XP level 15. HP: 110/141 MP: 28/28
 27919 | D:15     | Received a gift from Trog
 28088 | D:15     | Got a crude hand axe {freeze}
 28094 | D:15     | Found a gate to the Vaults.
 28425 | Orc:1    | Entered Level 1 of the Orcish Mines
 29018 | Orc:2    | Received a gift from Trog
 29713 | Orc:4    | Entered Level 4 of the Orcish Mines
 29898 | Orc:4    | Found Guotyczo's Magical Wand Shoppe.
 29958 | Orc:4    | Received a gift from Trog
 30256 | Orc:4    | Noticed Sonja
 30347 | Orc:4    | Killed Sonja
 30745 | Orc:4    | Upgraded the game from 0.14-a0-2091-gca92d1a to 0.14-a0-2100-g3cf34dd
 30748 | Orc:4    | Found a staircase to the Elven Halls.
 30748 | Orc:4    | Noticed Josephine
 31122 | Orc:4    | Killed Josephine
 31177 | Orc:4    | Reached skill level 15 in Axes
 31209 | Orc:4    | Received a gift from Trog
 31438 | Orc:3    | Reached skill level 16 in Fighting
 31571 | Orc:4    | Found Kasis' Assorted Antiques.
 31602 | Orc:4    | Bought a scroll labeled ZEKUCO KLABO for 32 gold pieces
 31602 | Orc:4    | Bought a shimmering pewter ring for 800 gold pieces
 31643 | Orc:4    | Found Zuibufah's Antique Weapon Shoppe.
 31650 | Orc:4    | Found Klyewkub's Magic Scroll Boutique.
 31908 | Orc:4    | Found Enoel's Magical Wand Emporium.
 31917 | Orc:4    | Bought a scroll of identify for 28 gold pieces
 31917 | Orc:4    | Bought a scroll of identify for 28 gold pieces
 31917 | Orc:4    | Bought a scroll of identify for 28 gold pieces
 31918 | Orc:4    | Identified the ring "Poemmiyla" {rC- EV+3} (You bought it in a shop on level 4 of the Orcish Mines)
 32724 | D:16     | Entered Level 16 of the Dungeon
 32730 | D:16     | Cast into the Abyss (ogre mage)
 32730 | Abyss:1  | Found a corrupted altar of Lugonu.
 32754 | D:16     | Escaped the Abyss
 33113 | D:16     | Found Xean's Magic Scroll Shoppe.
 33138 | D:16     | Bought a scroll of acquirement for 936 gold pieces
 33138 | D:16     | Bought a scroll of identify for 36 gold pieces
 33138 | D:16     | Bought a scroll of identify for 36 gold pieces
 33138 | D:16     | Bought a scroll of identify for 36 gold pieces
 33151 | D:16     | Found Ustrism's Antique Weapon Boutique.
 33225 | D:16     | Found a staircase to the Depths.
 33530 | D:16     | Found Kuesm's Antique Weapon Boutique.
 33555 | D:16     | Found Doasurie's Antique Armour Shop.
 33930 | D:16     | Found Chiuthre's Book Shoppe.
 34299 | Snake:1  | Entered Level 1 of the Snake Pit
 34465 | Snake:1  | Received a gift from Trog
 34692 | Snake:1  | Noticed Snorg
 34705 | Snake:1  | Killed Snorg
 35662 | Snake:2  | Reached XP level 16. HP: 151/151 MP: 29/29
 35814 | Snake:2  | Noticed HollowCharge's ghost (powerful DgGl)
 35843 | Snake:2  | Killed HollowCharge's ghost
 36904 | Snake:2  | Received a gift from Trog
 37260 | Snake:3  | Reached skill level 17 in Fighting
 38141 | Snake:3  | Found a burning altar of Makhleb.
 38372 | Snake:4  | Received a gift from Trog
 38741 | Snake:4  | Reached skill level 15 in Dodging
 39938 | Snake:4  | Received a gift from Trog
 40611 | Snake:5  | Entered Level 5 of the Snake Pit
 41367 | Snake:5  | Received a gift from Trog
 42016 | Snake:5  | Found Cogianuo's Book Shoppe.
 42195 | Snake:5  | Reached XP level 17. HP: 163/163 MP: 30/30
 42197 | Snake:5  | Reached skill level 18 in Fighting
 44011 | Snake:5  | Received a gift from Trog
 45792 | Snake:5  | Got a serpentine rune of Zot
 46245 | Swamp:1  | Entered Level 1 of the Swamp
 46698 | Swamp:1  | Received a gift from Trog
 47492 | Swamp:2  | Noticed Jorgrun
 47534 | Swamp:2  | Noticed Agnes
 47545 | Swamp:2  | Killed Agnes
 48022 | Swamp:2  | Killed Jorgrun
 48868 | Swamp:3  | Received a gift from Trog
 48946 | Swamp:3  | Reached skill level 19 in Fighting
 49642 | Swamp:4  | Noticed Norris
 49653 | Swamp:4  | Killed Norris
 49653 | Swamp:4  | Reached XP level 18. HP: 176/176 MP: 31/31
 49838 | Swamp:4  | Noticed Nikola
 49872 | Swamp:4  | HP: 4/176 [Nikola/chain lightning (21)]
 50672 | Swamp:4  | Killed Nikola
 51571 | Swamp:5  | Entered Level 5 of the Swamp
 51895 | Lair:1   | Upgraded the game from 0.14-a0-2100-g3cf34dd to 0.14-a0-2119-ge69afc6
 52026 | Depths:1 | Entered Level 1 of the Depths
 52026 | Depths:1 | Found a gateway to Hell.
 52068 | Depths:1 | Found Vunuzo's Weapon Boutique.
 52532 | Depths:1 | Found Friuqauh's Distillery.
 52543 | Depths:1 | Bought a potion of heal wounds for 60 gold pieces
 52815 | Depths:1 | Received a gift from Trog
 52970 | Depths:1 | Found Vifris' Assorted Antiques.
 53184 | Depths:1 | Killed from afar by a spriggan air mage

Action                   |  1- 3 |  4- 6 |  7- 9 | 10-12 | 13-15 | 16-18 || total
-------------------------+-------+-------+-------+-------+-------+-------++-------
Melee: Hand axe          |    84 |   112 |   411 |       |       |       ||   607
       Battleaxe         |       |       |    92 |   646 |  1323 |       ||  2061
       Executioner's axe |       |       |       |       |   207 |  1256 ||  1463
Invok: Berserk           |       |     5 |    11 |    11 |    34 |    33 ||    94
       Burn Spellbooks   |       |       |       |     1 |     4 |     4 ||     9
       Brothers in Arms  |       |       |       |     2 |     4 |    10 ||    16
       Trog's Hand       |       |       |       |       |       |     1 ||     1
 Abil: Breathe Noxious F |       |       |    16 |    10 |    29 |    12 ||    67
       Evoke Invisibilit |       |       |       |       |     1 |     1 ||     2
Evoke: Wand              |     2 |     7 |    12 |    16 |     5 |    15 ||    57
       Sack of spiders   |       |       |       |       |     2 |       ||     2
       Fan of gales      |       |       |       |       |     1 |       ||     1
  Use: Scroll            |       |       |    17 |    12 |    19 |    10 ||    58
       Potion            |       |       |       |       |     3 |     8 ||    11
 Stab: Confused          |       |       |    14 |     3 |     9 |     4 ||    30
       Sleeping          |       |       |       |     6 |    10 |     3 ||    19
       Distracted        |       |       |       |     2 |     2 |     3 ||     7
